 Dungeon Crawl Stone Soup version 0.31-a0-23-gcbde74481b (webtiles) character file.

Game seed: 2247550409955179253

599 Pokonic1 the Magician (level 7, 0/46 HPs)
             Began as a Mummy Necromancer on May 14, 2023.
             Slain by a +4 short sword of the Hall of Blades {spect, Stlth+} (5 damage)
             ... created by an orc
             ... on level 4 of the Dungeon.
             The game lasted 00:16:32 (3792 turns).

Pokonic1 the Magician (Mummy Necromancer)           Turns: 3792, Time: 00:16:32

Health: 0/46       AC:  4    Str: 11    XL:     7   Next: 17%
Magic:  17/17      EV: 12    Int: 14    God:
Gold:   164        SH:  0    Dex: 15    Spells: 14/19 levels left

rFire   . . .        o - +2 quarterstaff (chaos)
rCold   + . .        (shield currently unavailable)
rNeg    + + +        a - +0 robe
rPois   ∞            i - +0 helmet
rElec   .            p - +0 cloak
rCorr   .            (no gloves)
SInv    .            (no boots)
Will    .....        (no amulet)
Stlth   ++           l - ring of protection from fire
HPRegen 0.27/turn    (no ring)
MPRegen 0.15/turn

%: faith
@: animating dead (expiring)
A: cold resistance 1, negative energy resistance 3, torment resistance 2, heat
vulnerability 1, in touch with death 1, no potions, faith
a: no special abilities


You were on level 4 of the Dungeon.
You visited 1 branch of the dungeon, and saw 4 of its levels.

You collected 164 gold pieces.

Inventory:

Hand Weapons
 d - a +0 dagger
 f - a +0 short sword of draining
 h - a +0 quarterstaff
 o - a +2 quarterstaff of chaos (weapon)
Armour
 a - a +0 robe (worn)
 i - a +0 helmet (worn)
 p - a +0 cloak (worn)
Magical Staves
 q - a staff of conjuration
Jewellery
 l - a ring of protection from fire (left hand)
Scrolls
 b - 3 scrolls of teleportation {unknown}
 c - a scroll of amnesia {unknown}
 e - 2 scrolls of vulnerability {unknown}
 g - a scroll of identify {unknown}
 j - a scroll of enchant weapon {unknown}
 k - a scroll of summoning {unknown}
 m - a scroll of noise {unknown}
 n - a scroll of poison {unknown}


   Skills:
 - Level 0.2 Fighting
 + Level 2.5 Staves
 - Level 1.5 Dodging
 + Level 2.3 Stealth
 + Level 6.7 Spellcasting
 + Level 5.7 Necromancy


You had 14 spell levels left.
You knew the following spells:

 Your Spells              Type           Power      Damage    Failure   Level
a - Necrotise             Necr           100%       1d9       1%          1
b - Animate Dead          Necr           31%        N/A       14%         4

Your spell library contained the following spells:

 Spells                   Type           Power      Damage    Failure   Level
 Vampiric Draining        Necr           31%        2d8       4%          3
 Cigotuvi's Dreadful Rot  Necr/Pois/Air  30%        N/A       10%         2
 Dispel Undead            Necr           31%        3d14      14%         4
 Static Discharge         Conj/Air       8%         2-3/arc   22%         2
 Agony                    Necr           31%        N/A       36%         5
 Portal Projectile        Hex/Tloc       8%         N/A       41%         3
 Summon Guardian Golem    Hex/Summ       4%         N/A       41%         3
 Tukima's Dance           Hex            4%         N/A       41%         3
 Airstrike                Air            2%         2d(1-17)  82%         4
 Summon Lightning Spire   Summ/Air       4%         N/A       82%         4
 Death Channel            Necr           15%        N/A       91%         6
 Orb of Destruction       Conj           2%         9d5       100%        7
 Spellforged Servitor     Conj/Summ      2%         N/A       100%        7
 Blade Hands              Tmut           Unusable   N/A       N/A         5

Dungeon Overview and Level Annotations

Branches:
Dungeon (4/15)
 Temple: D:4-7

Altars:
Nemelex Xobeh

Annotations:
D:4 AwFulAwFulPlayer's ghost, novice GnFi


Innate Abilities, Weirdness & Mutations

You are immune to poison.
Your flesh is cold resistant. (rC+)
You are immune to negative energy. (rN+++)
You are immune to unholy pain and torment.
You are vulnerable to heat. (rF-)
You are in touch with the powers of death.
You do not drink.
You have a special connection with the divine. (Faith)


Message History

AwFulAwFulPlayer's ghost hits you but does no damage.
The orc hits your orc priest zombie with a +0 trident!
Your orc priest zombie is destroyed!
You hit AwFulAwFulPlayer's ghost.
AwFulAwFulPlayer's ghost convulses.
AwFulAwFulPlayer's ghost is heavily damaged.
Your hound zombie bites AwFulAwFulPlayer's ghost.
AwFulAwFulPlayer's ghost hits your hound zombie.
The orc hits your hound zombie with a +0 dagger.
Your hound zombie is destroyed!
AwFulAwFulPlayer's ghost turns its malevolent gaze towards you.
You hit AwFulAwFulPlayer's ghost but do no damage.
AwFulAwFulPlayer's ghost is heavily damaged.
AwFulAwFulPlayer's ghost barely misses you.
You hit AwFulAwFulPlayer's ghost. You freeze AwFulAwFulPlayer's ghost.
AwFulAwFulPlayer's ghost is severely damaged.
AwFulAwFulPlayer's ghost hits you.
The orc hits you from afar with a +0 trident.
You hit the orc but do no damage. AwFulAwFulPlayer's ghost hits you.
The orc hits you but does no damage.
AwFulAwFulPlayer's ghost hits you but does no damage.
The orc hits you but does no damage. The orc closely misses you.
You hit the orc but do no damage.
Your reaping aura is weakening.
AwFulAwFulPlayer's ghost misses you. The orc hits you but does no damage.
The orc closely misses you. x2
You hit the orc. You burn the orc.
The orc is moderately wounded.
AwFulAwFulPlayer's ghost misses you. The orc closely misses you.
The orc hits you but does no damage.
The orc hits you from afar with a +0 trident.
* * * LOW HITPOINT WARNING * * *
You sock the orc! You burn the orc.
You kill the orc!
The dead are walking!
The orc barely misses you.
AwFulAwFulPlayer's ghost barely misses you.
You closely miss the orc. AwFulAwFulPlayer's ghost hits you.
* * * LOW HITPOINT WARNING * * *
The orc barely misses you.
The +4 short sword of the Hall of Blades {spect, Stlth+} hits you.
You die...

.......##.................... ...
.......##...........#...##.#.####
.......##...........#...# .#
.......##...........#...# .#
.......##...........#...####.####
###.#####..................... )
###.# #........Z..##.#####.#
....# ######....ooo........#.#
##### #...#.8..(@Wo)......8..####
#...#.######o)'######......
#...#.#.............#..####
#######.))#.#....#####....##.##..
......#...#.#.###.....###.#.....#
............#.#8#..8..#8#.##>...#
............#.............##....#
##..........#8....[_[)...8##....#
............# #######....#


You could see a +4 short sword of the Hall of Blades {spect, Stlth+}
(wandering), AwFulAwFulPlayer's ghost, 5 orcs and a friendly orc zombie.

Vanquished Creatures
  Sigmund (D:3)
  A scorpion (D:4)
  A hound (D:4)
  2 orc priests (D:4)
  Crazy Yiuf (D:2)
  Jessica (D:3)
  An iguana (D:4)
  Natasha (thrice) (D:3)
  An orc wizard (D:4)
  Robin (D:2)
  3 adders
  A worm (D:2)
  3 dart slugs (D:1)
  8 orcs
  5 endoplasms
  2 giant cockroaches (D:3)
  12 goblins
  4 hobgoblins
  4 jackals (D:4)
  4 ball pythons
  3 frilled lizards
  2 kobolds
  4 rats
68 creatures vanquished.

Vanquished Creatures (collateral kills)
  A ball python (D:1)
  2 goblins (D:2)
  A frilled lizard (D:3)
4 creatures vanquished.

Vanquished Creatures (others)
  A hound zombie (D:4)
  2 orc zombies (D:4)
3 creatures vanquished.

Grand Total: 75 creatures vanquished

Notes
Turn   | Place    | Note
-------+----------+-------------------------------------------
     0 | D:1      | Pokonic1 the Mummy Necromancer began the quest for the Orb.
     0 | D:1      | Reached XP level 1. HP: 13/13 MP: 4/4
   207 | D:1      | Reached skill level 3 in Spellcasting
   442 | D:1      | Reached XP level 2. HP: 19/19 MP: 4/6
   985 | D:2      | Found a sparkling altar of Nemelex Xobeh.
  1034 | D:2      | Reached skill level 4 in Spellcasting
  1044 | D:2      | Gained mutation: You are in touch with the powers of death.
                  | [Mummy growth]
  1044 | D:2      | Reached XP level 3. HP: 7/24 MP: 2/8
  1183 | D:2      | Found a runed translucent door.
  1184 | D:2      | Noticed Crazy Yiuf
  1346 | D:2      | Noticed Robin
  1416 | D:2      | Killed Robin
  1816 | D:3      | Reached XP level 4. HP: 30/30 MP: 7/10
  1887 | D:3      | Noticed Natasha
  1897 | D:3      | Killed Natasha
  1932 | D:3      | Noticed Natasha
  1940 | D:3      | Killed Natasha
  1975 | D:3      | Reached skill level 5 in Spellcasting
  2127 | D:3      | Noticed Sigmund
  2190 | D:3      | Noticed Jessica
  2197 | D:3      | Killed Jessica
  2198 | D:3      | Reached skill level 1 in Staves
  2198 | D:3      | Reached XP level 5. HP: 31/35 MP: 9/12
  2221 | D:3      | Killed Sigmund
  2222 | D:3      | Reached skill level 5 in Necromancy
  2222 | D:3      | Reached XP level 6. HP: 41/41 MP: 3/14
  2251 | D:3      | Noticed Natasha
  2260 | D:3      | Killed Natasha
  2261 | D:3      | Reached skill level 6 in Spellcasting
  2867 | D:2      | Killed Crazy Yiuf
  3214 | D:4      | Found a runed translucent gate.
  3215 | D:4      | Noticed AwFulAwFulPlayer's ghost (novice GnFi)
  3215 | D:4      | Found a runed translucent gate.
  3215 | D:4      | Identified the +4 short sword of the Hall of Blades {spect,
                  | Stlth+}
  3215 | D:4      | Identified the +0 leather armour "Ytizua" {rPois rF+ rCorr
                  | Slay-6}
  3216 | D:4      | Found a runed translucent gate.
  3557 | D:4      | Reached XP level 7. HP: 28/46 MP: 16/16
  3662 | D:4      | Learned a level 4 spell: Animate Dead
  3792 | D:4      | Slain by a +4 short sword of the Hall of Blades {spect,
                  | Stlth+}

Illustrated notes

Levels and vault maps discovered:
D:1:      shiori_arrival_elements, layout_basic
D:2:      layout_loops_corners, basic_altar, uniq_crazy_yiuf_cottage, uniq_robin
D:3:      layout_loops_corners, uniq_sigmund, uniq_jessica, uniq_natasha
D:4:      layout_basic, biasface_ghost_orc_armoury

Skill      XL: |  1  2  3  4  5  6 |
---------------+-------------------+-----
Spellcasting   | 3 4 5 6 |  6.7
Staves         | 1 2 |  2.5
Stealth        | 2 |  2.3
Necromancy     | 5 |  5.7
Fighting       | |  0.2
Dodging        | |  1.5

Action                     |  1- 3 |  4- 6 |  7- 9 || total
---------------------------+-------+-------+-------++-------
  Melee: Unarmed           |    19 |       |       ||    19
         Short sword       |    21 |       |       ||    21
         Quarterstaff      |    17 |    50 |    28 ||    95
   Cast: Necrotise         |    40 |    32 |       ||    72
         Animate Dead      |       |       |     1 ||     1
   Stab: Sleeping          |     4 |     3 |       ||     7
 Armour: Robe              |     9 |    15 |    13 ||    37
  Dodge: Dodged            |    31 |    40 |    27 ||    98

Table legend: (Time is in decaauts)
 A = Elapsed time spent in this place.
 B = Non-inter-level travel time spent in this place.
 C = Inter-level travel time spent in this place.
 D = Time resting spent in this place.
 E = Time spent auto-exploring this place.
 F = Levels seen in this place.
 G = Mean time per level.
                   A        B        C        D        E       F      G
               +--------+--------+--------+--------+--------+-----+--------+
         Total |   3816 |    712 |   3104 |      0 |      0 |   4 |  954.0 |
       Dungeon |   3816 |    712 |   3104 |      0 |      0 |   4 |  954.0 |
               +--------+--------+--------+--------+--------+-----+--------+

Top non-repeatable levels by time:
     D:2: 1089 daAuts
     D:3: 1066 daAuts
     D:1: 850 daAuts
     D:4: 811 daAuts
